 Dungeon Crawl Stone Soup version 0.32-a0-931-g5a2cda0630 (webtiles) character file.

Game seed: 751222724567540739

485 croobank the Sneak (level 7, -3/41 HPs)
             Began as an Octopode Summoner on Apr 13, 2024.
             Slain by an ice beast (12 damage)
             ... on level 5 of the Dungeon.
             The game lasted 00:25:21 (3517 turns).

croobank the Sneak (Octopode Summoner)              Turns: 3517, Time: 00:25:22

Health: -3/41      AC:  1    Str:  7    XL:     7   Next: 13%
Magic:  12/12      EV: 12    Int: 20    God:
Gold:   184        SH:  5    Dex: 12    Spells: 2/12 levels left

rFire   . . .        c - +0 dagger
rCold   . . .        f - +1 buckler
rNeg    . . .        (helmet restricted)
rPois   .            (no amulet)
rElec   .            (no ring)
rCorr   .            (no ring)
SInv    .            (no ring)
Will    .....        (no ring)
Stlth   ++++         (no ring)
HPRegen 0.26/turn    (no ring)
MPRegen 0.13/turn    (no ring)
                     (no ring)

%: no passive effects
@: no status effects
A: almost no armour, amphibious, 8 rings, camouflage 1, gelatinous body 1,
(nimble swimmer 1), tentacles
a: no special abilities


You were on level 5 of the Dungeon.
You visited 1 branch of the dungeon, and saw 5 of its levels.

You collected 184 gold pieces.

Inventory:

Hand Weapons
 b - a +0 trident
 c - a +0 dagger (weapon)
 g - a +2 flail of protection
 h - a +0 short sword
 k - a +2 vampiric trident
Missiles
 m - 5 javelins (quivered)
Armour
 f - a +1 buckler (worn)
Jewellery
 i - an amulet of magic regeneration
Wands
 o - a wand of paralysis (6)
Potions
 a - 2 potions of magic
 d - a potion of enlightenment {unknown}
 e - 2 potions of mutation
 j - 2 potions of curing {unknown}
 l - 2 potions of might {unknown}
 n - a potion of attraction {unknown}


   Skills:
 + Level 3.6 Dodging
 + Level 5.2 Stealth
 + Level 2.4 Shields
 + Level 3.4 Spellcasting
 + Level 5.0 Summonings
 * Level 1.8 Fire Magic


You had 2 spell levels left.
You knew the following spells:

 Your Spells              Type           Power      Damage    Failure   Level
a - Summon Small Mammal   Summ           92%        N/A       2%          1
b - Call Imp              Summ           46%        N/A       4%          2
c - Call Canine Familiar  Summ           23%        N/A       9%          3
d - Summon Blazeheart Go  Fire/Summ      17%        N/A       47%         4

Your spell library contained the following spells:

 Spells                   Type           Power      Damage    Failure   Level
 Apportation              Tloc           6%         N/A       22%         1
 Necrotise                Necr           12%        1d4       22%         1
 Sting                    Conj/Alch      12%        1d3       22%         1
 Summon Lightning Spire   Summ/Air       13%        N/A       61%         4


Dungeon Overview and Level Annotations

Branches:
Dungeon (5/15)
 Temple: D:4-7

Altars:
Dithmenos


Innate Abilities, Weirdness & Mutations

You cannot wear most types of armour.
You are amphibious.
You can wear up to eight rings at the same time.
Your skin changes colour to match your surroundings (Stealth+).
Your rubbery body absorbs attacks. (AC +1, EV +1)
((You are camouflaged when in or above water. (Stealth+)))
You have tentacles for arms and can constrict up to eight enemies at once.


Message History

Casting: Summon Small Mammal (safe; 2% risk of failure)
Confirm with . or Enter, or press ? or * to list all spells.
Casting: Summon Small Mammal (safe; 2% risk of failure)
Confirm with . or Enter, or press ? or * to list all spells.
A tiny devil pulls itself out of the air.
Casting: Call Imp (safe; 4% risk of failure)
Confirm with . or Enter, or press ? or * to list all spells.
You imbue your familiar with magical energy and its fangs glint viciously.
Your cerulean imp hits the kobold from afar with a -2 spear.
The kobold dies!
You swap places.
You swap places.
o - a wand of paralysis (6)
Your quokka disappears in a puff of smoke!
Your rat disappears in a puff of smoke!
Your cerulean imp disappears in a puff of smoke!
Done exploring.
Done exploring.
There is a stone staircase leading down here.
You climb downwards.
Your summoned ally is left behind.
Found a war axe and a dented lapis lazuli amulet.
Found a stone staircase leading down.
There is a stone staircase leading up here.
There are monsters nearby!
You feel the dreadful sensation subside.
c - a +0 dagger (weapon)
The helpless ice beast fails to defend itself.
You puncture the ice beast!
The ice beast is heavily wounded.
The ice beast hits you. The ice beast freezes you!
You barely miss the ice beast.
The ice beast is heavily wounded.
The ice beast hits you. The ice beast freezes you!
* * * LOW HITPOINT WARNING * * *
You aren't carrying any scrolls.
Okay, then.
The ice beast hits you.
* * * LOW HITPOINT WARNING * * *
The ice beast freezes you!
You die...

### ## #>.. ..
#... .# #
#.#.#.# .##
####.....#...##
..............#
......Y@#
..........s.#
.....##.......#
.... #.###...#
... #). ... ..
### #. "


You could see an ice beast and a scorpion.

Vanquished Creatures
  Edmund (D:4)
  An ogre (D:3)
  A hound (D:4)
  An orc priest (D:4)
  Natasha (thrice) (D:3)
  2 adders (D:2)
  An orc (D:4)
  4 bats
  7 endoplasms
  3 giant cockroaches (D:2)
  4 goblins
  2 hobgoblins
  A jackal (D:3)
  A quokka (D:1)
  5 ball pythons
  2 kobolds
  A rat (D:1)
40 creatures vanquished.

Vanquished Creatures (collateral kills)
  A jelly (D:3)
  Terence (D:3)
  2 adders (D:2)
  An orc (D:4)
  A ball python (D:4)
  2 endoplasms
  2 giant cockroaches
  5 goblins
  2 hobgoblins
  3 jackals (D:3)
  A bat (D:2)
  3 kobolds
  A rat (D:2)
25 creatures vanquished.

Vanquished Creatures (others)
  A blazeheart core (D:4)
1 creature vanquished.

Grand Total: 66 creatures vanquished

Notes
Turn   | Place    | Note
-------+----------+-------------------------------------------
     0 | D:1      | croobank the Octopode Summoner began the quest for the Orb.
     0 | D:1      | Reached XP level 1. HP: 11/11 MP: 3/3
   237 | D:1      | Reached XP level 2. HP: 17/17 MP: 1/5
   240 | D:1      | Learned a level 2 spell: Call Imp
   423 | D:1      | Found a faded altar of an unknown god.
   809 | D:2      | Reached XP level 3. HP: 14/21 MP: 0/6
   813 | D:2      | Learned a level 3 spell: Call Canine Familiar
  1226 | D:2      | Reached XP level 4. HP: 27/27 MP: 4/7
  1772 | D:3      | Noticed an ogre
  1810 | D:3      | Noticed Natasha
  1820 | D:3      | Killed Natasha
  1821 | D:3      | Reached skill level 1 in Shields
  1823 | D:3      | Killed an ogre
  1824 | D:3      | Reached XP level 5. HP: 14/31 MP: 3/9
  1905 | D:3      | Noticed Natasha
  1909 | D:3      | Killed Natasha
  1912 | D:3      | Noticed Natasha
  1921 | D:3      | Killed Natasha
  1922 | D:3      | Reached XP level 6. HP: 30/36 MP: 4/10
  1927 | D:3      | Learned a level 4 spell: Summon Blazeheart Golem
  2277 | D:3      | Noticed Terence
  2290 | D:3      | Killed Terence
  2528 | D:4      | Noticed Edmund
  2550 | D:4      | Killed Edmund
  2551 | D:4      | Reached skill level 5 in Stealth
  2551 | D:4      | Reached skill level 5 in Summonings
  2551 | D:4      | Reached skill level 1 in Fire Magic
  2833 | D:4      | Reached XP level 7. HP: 41/41 MP: 8/12
  2978 | D:4      | Found a shadowy altar of Dithmenos.
  3513 | D:5      | Entered Level 5 of the Dungeon
  3517 | D:5      | Slain by an ice beast

Illustrated notes

Levels and vault maps discovered:
D:1:      minmay_arrival_four_loops, layout_basic,
          shapermc_ecumenical_altar_petra, minmay_hexomino_p4
D:2:      layout_loops_ring
D:3:      layout_rooms, uniq_natasha, uniq_terence
D:4:      layout_gridville, nicolae_dithmenos_the_darkroom, uniq_edmund
D:5:      layout_basic, fedhas_ov_isle_minmay, gammafunk_ghost_nasty_kobolds,
          serial_shops, shop_fountains

Skill      XL: |  1  2  3  4  5  6 |
---------------+-------------------+-----
Stealth        | 3 4 5 |  5.2
Shields        | 1 2 |  2.4
Dodging        | 3 |  3.6
Spellcasting   | 3 |  3.4
Summonings     | 5 |  5.0
Fire Magic     | 1 |  1.8

Action                     |  1- 3 |  4- 6 |  7- 9 || total
---------------------------+-------+-------+-------++-------
  Melee: Dagger            |    30 |    28 |     2 ||    60
         Tentacles         |     6 |     9 |     3 ||    18
         Unarmed           |     1 |       |       ||     1
         Constrict         |     5 |     6 |     2 ||    13
         Flail             |       |     2 |     1 ||     3
         Trident           |       |       |     6 ||     6
  Throw: Throwing net      |       |     1 |       ||     1
   Cast: Summon Small Mamm |    11 |    11 |     4 ||    26
         Call Imp          |     3 |     6 |     3 ||    12
         Call Canine Famil |     1 |     7 |     3 ||    11
         Summon Blazeheart |       |     1 |       ||     1
    Use: Scroll            |     2 |     4 |     2 ||     8
         Potion            |       |     1 |       ||     1
   Stab: Sleeping          |    13 |     5 |     2 ||    20
         Distracted        |     1 |       |       ||     1
 Armour: Skin              |    12 |    22 |     4 ||    38
  Dodge: Dodged            |     5 |    10 |     4 ||    19
  Block: Buckler           |     2 |     9 |     1 ||    12

Table legend: (Time is in decaauts)
 A = Elapsed time spent in this place.
 B = Non-inter-level travel time spent in this place.
 C = Inter-level travel time spent in this place.
 D = Time resting spent in this place.
 E = Time spent auto-exploring this place.
 F = Levels seen in this place.
 G = Mean time per level.
                   A        B        C        D        E       F      G
               +--------+--------+--------+--------+--------+-----+--------+
         Total |   3550 |   3420 |    130 |    337 |   2455 |   5 |  710.0 |
       Dungeon |   3550 |   3420 |    130 |    337 |   2455 |   5 |  710.0 |
               +--------+--------+--------+--------+--------+-----+--------+

Top non-repeatable levels by time:
     D:2: 1080 daAuts
     D:4: 874 daAuts
     D:3: 805 daAuts
     D:1: 787 daAuts
     D:5: 3 daAuts
